Map: Orbital Shipyard

Players

DarthCaesar

  • Race: Terran Terran
  • League: Platinum

RepMeaSt (Semper) - Winner!

  • Race: Terran Terran
  • League: Master

Event: Lycan League Weekly August #2

VOD

Have the link to the VOD?

Description

Time

  • Played on: Aug. 10, 2015, 12:17 p.m.
  • Length: 7:32

All games in this series

Show
View Real Time Build Order
Export as new Build Order

DarthCaesar Terran 

Build Orders:  

Get SALT Encoding   

  12  0:01  SCV  
  13  0:13  SCV  
  14  0:18  Supply Depot  
  14  0:25  SCV  
  15  0:39  SCV  
  15  0:40  Barracks  
  16  0:45  Refinery  
  16  0:51  SCV  
  17  1:01  Barracks  
  17  1:04  SCV  
  18  1:16  SCV  
  19  1:28  Reaper  
  19  1:29  Orbital Command  
  20  1:39  Supply Depot  
  20  1:51  Reaper  
  21  1:57  SCV  
  22  2:07  Reaper  
  23  2:17  SCV  
  24  2:23  Reaper  
  24  2:27  Command Center, Refinery  
  24  2:29  SCV  
  26  2:38  Supply Depot  
  26  2:41  SCV  
  27  2:53  SCV  
  27  2:54  Reaper  
  28  3:05  Reaper  
  29  3:08  SCV  
  30  3:14  Barracks  
  30  3:16  Barracks  
  28  3:29  SCV  
  28  3:30  Marine  
  28  3:32  Engineering Bay  
  30  3:40  Orbital Command  
  29  3:44  Marine  
  29  3:48  SCV  
  31  3:49  Factory  
  31  3:53  Barracks Tech Lab  
  31  4:00  SCV  
  31  4:01  Missile Turret  
  31  4:02  Missile Turret  
  31  4:03  Barracks Reactor  
  31  4:04  Marine  
  31  4:06  SCV  
  33  4:12  SCV, Missile Turret  
  33  4:16  Stimpack  
  34  4:18  SCV  
  36  4:24  SCV  
  36  4:30  SCV  
  37  4:36  SCV, Starport, Marine x2  
  39  4:41  Missile Turret, Marine x2  
  39  4:43  SCV  
  41  4:48  SCV  
  41  4:52  Missile Turret  
  39  4:54  Marine x2  
  39  4:55  SCV  
  38  5:00  SCV  
  38  5:06  Marine x2  
  39  5:07  SCV, Marine  
  39  5:12  SCV  
  39  5:17  Medivac  
  39  5:18  Marine  
  39  5:19  SCV, Marine  
  41  5:25  SCV  
  41  5:27  Marine x2  
  43  5:30  Factory Tech Lab  
  43  5:31  SCV, Marine  
  43  5:36  Missile Turret, Marine  
  43  5:37  SCV, Marine  
  46  5:43  SCV  
  46  5:45  Marine  
  46  5:49  SCV, Supply Depot  
  49  5:52  Siege Tank  
  49  5:53  Starport Reactor  
  49  5:55  SCV, Barracks Tech Lab  
  53  6:01  SCV, Missile Turret  
  53  6:02  Barracks Reactor  
  54  6:11  SCV, Marauder, Marine  
  55  6:13  Supply Depot, SCV  
  55  6:15  Refinery x2  
  55  6:16  Marauder  
  61  6:22  Supply Depot  
  61  6:34  Viking  
  61  6:36  Viking, Missile Turret  
  65  6:41  Supply Depot  
  65  6:43  SCV x2  
  65  6:45  Supply Depot  
  67  6:48  Supply Depot, Marine  
  68  6:55  SCV x2  
  68  6:58  Marine x3  
Show
View Real Time Build Order
Export as new Build Order

RepMeaSt Terran - Winner!

Build Orders: 1/1/1, Banshee Rush 

Get SALT Encoding   

  12  0:01  SCV  
  13  0:13  SCV  
  14  0:18  Supply Depot  
  14  0:25  SCV  
  14  0:28  Refinery  
  15  0:40  SCV  
  16  0:45  Barracks  
  16  0:52  SCV  
  18  1:04  SCV  
  18  1:16  SCV  
  19  1:31  Orbital Command  
  19  1:32  Marine  
  19  1:33  Factory  
  20  1:43  Supply Depot  
  20  1:50  Marine  
  20  1:51  Refinery  
  21  1:58  SCV  
  22  2:08  Marine  
  22  2:10  SCV  
  24  2:17  Starport  
  24  2:22  SCV  
  25  2:26  Marine  
  25  2:28  Factory Tech Lab  
  25  2:29  Supply Depot  
  26  2:34  SCV  
  27  2:48  SCV  
  27  2:52  Marine  
  31  3:02  SCV  
  29  3:11  Marine  
  29  3:12  Command Center  
  29  3:16  Banshee  
  30  3:22  SCV  
  28  3:29  Marine  
  28  3:30  Hellion  
  31  3:36  Cloaking Field  
  31  3:38  SCV  
  32  3:44  Supply Depot  
  32  3:47  Barracks Reactor  
  32  3:50  SCV  
  33  3:59  Raven  
  35  4:07  SCV  
  36  4:10  Factory Tech Lab  
  36  4:14  Command Center  
  36  4:20  SCV  
  37  4:25  Orbital Command  
  37  4:26  Marine  
  37  4:27  Marine  
  39  4:32  SCV  
  39  4:35  Siege Tank  
  43  4:50  SCV  
  43  4:51  Marine  
  43  4:52  Marine  
  46  5:05  SCV  
  47  5:08  Siege Tank  
  47  5:09  Marine x2  
  47  5:10  Medivac  
  54  5:22  SCV  
  57  5:36  SCV x2  
  57  5:40  Supply Depot, Orbital Command  
  57  5:43  Barracks  
  57  5:44  Siege Tank  
  57  5:48  SCV  
  61  5:50  SCV  
  61  5:51  Refinery  
  61  5:52  Supply Depot, Refinery, Medivac  
  61  5:55  Medivac  
  61  5:56  Marine  
  67  6:00  SCV  
  67  6:03  Barracks  
  68  6:05  Barracks  
  68  6:07  SCV  
  68  6:08  Barracks  
  70  6:13  Marine  
  70  6:14  Orbital Command  
  71  6:22  SCV x2  
  72  6:29  Supply Depot  
  72  6:31  Marine  
  72  6:32  Barracks Reactor  
  73  6:34  SCV x2  
  75  6:41  SCV  
  75  6:43  Starport Reactor  
  75  6:45  Siege Tank  
  75  6:46  SCV x2  
  81  6:49  Marine  
  81  6:53  SCV, Engineering Bay  
  83  6:54  Barracks Reactor  
  83  6:55  Engineering Bay  
  83  6:58  SCV  
  83  6:59  Supply Depot  
  83  7:00  Marine x2  
  87  7:01  Barracks Reactor  
  87  7:03  SCV  
  87  7:05  SCV  
  87  7:07  Marine  
  89  7:08  Marine  

Tags
 
Add a new tag
Caveats
  • Supply blocks, unpowered buildings, or Contaminate may cause inaccurate times.
  • Supply counts are checked every 10 seconds.